 Dungeon Crawl Stone Soup version 0.30-a0-728-gc68057be0a (webtiles) character file.

Game seed: 1490978193898069780

162 mandoloar the Trooper (level 5, 0/34 HPs)
             Began as a Gargoyle Fighter on Jan 31, 2023.
             Slain by Grinder (7 damage)
             ... on level 3 of the Dungeon.
             The game lasted 00:09:42 (2610 turns).

mandoloar the Trooper (Gargoyle Fighter)            Turns: 2610, Time: 00:09:43

Health: 0/34       AC: 13    Str: 21    XL:     5   Next: 43%
Magic:  5/5        EV:  9    Int:  9    God:
Gold:   135        SH:  6    Dex:  9    Spells: 4/4 levels left

rFire   . . .      SeeInvis .    a - +1 morningstar
rCold   . . .      Faith    .    c - +2 buckler
rNeg    + . .      Spirit   .    b - +0 scale mail
rPois   ∞          Reflect  .    (no helmet)
rElec   +          Harm     .    (no cloak)
rCorr   .          Rampage  .    n - +0 pair of gloves
Will    .....                    m - +0 pair of boots Stlth
                                 (no amulet)
HPRegen 0.25/turn                (no ring)
MPRegen 0.09/turn                (no ring)

@: no status effects
A: sickness immunity, AC +4, negative energy resistance 1, electricity
resistance, torment resistance 1, petrification resistance
a: no special abilities


You were on level 3 of the Dungeon.
You visited 1 branch of the dungeon, and saw 4 of its levels.

You collected 135 gold pieces.

Inventory:

Hand Weapons
 a - a +1 morningstar (weapon)
Missiles
 h - 2 throwing nets
 i - 28 stones (quivered)
 k - 2 boomerangs
Armour
 b - a +0 scale mail (worn)
 c - a +2 buckler (worn)
 m - a +0 pair of boots (worn)
 n - a +0 pair of gloves (worn)
Wands
 d - a wand of acid (9)
Scrolls
 e - a scroll of fear
 j - a scroll of fog
Potions
 f - 2 potions of lignification {unknown}
 g - 4 potions of degeneration {unknown}
 l - 2 potions of curing {unknown}
 o - a potion of brilliance {unknown}
 p - 2 potions of invisibility {unknown}
 q - a potion of ambrosia {unknown}


   Skills:
 + Level 4.7 Fighting
 + Level 3.6 Maces & Flails
 + Level 3.8 Armour
 + Level 3.8 Shields


You had 4 spell levels left.
You didn't know any spells.
Your spell library contained the following spells:

 Spells                   Type           Power      Damage    Failure   Level
 Static Discharge         Conj/Air       0%         2-2/arc   91%         2
 Vhi's Electric Charge    Tloc/Air       0%         N/A       99%         3
 Arcjolt                  Conj/Air       0%         1d10      100%        5
 Lightning Bolt           Conj/Air       0%         1d11      100%        5


Dungeon Overview and Level Annotations

Branches:
Dungeon (4/15)
 Temple: D:4-7

Altars:
Wu Jian
The Shining One

Shops:
D:1 :   D:2 (

Annotations:
D:3 Grinder


Innate Abilities, Weirdness & Mutations

You are immune to sickness and miasma.
Your stone body is resilient. (AC +4)
You are immune to poison.
You resist negative energy. (rN+)
You are resistant to electric shocks. (rElec)
You are resistant to unholy torment.
You are immune to petrification.


Message History

You kill the hobgoblin!
You see here a hobgoblin corpse.
Things that are here:
5 javelins; a +0 spear; a hobgoblin skeleton
Items here: )) [ ÷÷.
Things that are here:
a +0 halberd; a gnoll skeleton Grinder comes into view.
Found 14 gold pieces.
Grinder drinks a potion.
Grinder seems to speed up.
You barely miss Grinder. Grinder completely misses you.
Grinder gestures at you.
You suddenly lose the ability to move!
Grinder gestures at you.
You shrug off the repeated paralysis!
Grinder hits you but does no damage. Grinder hits you.
You writhe in agony.
Grinder hits you but does no damage. Grinder hits you but does no damage.
Grinder hits you.
You writhe in agony.
You can move again.
You closely miss Grinder.
Grinder hits you. x2; You writhe in agony.
You puncture Grinder!
Grinder is heavily wounded.
You block Grinder's attack. Grinder hits you but does no damage.
You closely miss Grinder.
Grinder is heavily wounded.
Grinder hits you.
* * * LOW HITPOINT WARNING * * *
You writhe in agony.
* * * LOW HITPOINT WARNING * * *
Grinder gestures at you. You resist with significant effort.
You hit Grinder.
Grinder is heavily wounded.
You block Grinder's attack. Grinder gestures at you.
Pain shoots through your body!
* * * LOW HITPOINT WARNING * * *
You hit Grinder.
Grinder is severely wounded.
Grinder hits you but does no damage. Grinder hits you!
You die...

#.....# #....#.########...##.....
......# #....#.#...# #...##.....
......######.......# #...##...#.
.........# #.......# #..........
.........# #...^...# #..........
.........# #.....######..........
####.#######.......5........#####
##........##....5###......#.#####
..........##....@# #.............
##........##.....# #...###.......
##........##.....# #...# #.......
.#........##.....# #...# ##.#....
.#........######## #..5# #.#....
.#........##########...# #......
...######............... ...####
...#.........##########$# ##.#
...#.####...<........ ..


You could see Grinder (fast).

Vanquished Creatures
  Jessica (D:3)
  3 gnolls (D:3)
  5 adders
  2 worms (D:2)
  A dart slug (D:1)
  5 endoplasms
  2 giant cockroaches
  5 goblins
  6 hobgoblins
  7 kobolds
  3 quokkas (D:1)
  7 ball pythons
  4 bats
  3 frilled lizards
  2 rats (D:1)
56 creatures vanquished.

Vanquished Creatures (others)
  4 plants (D:1)
4 creatures vanquished.

Grand Total: 60 creatures vanquished

Notes
Turn   | Place    | Note
-------+----------+-------------------------------------------
     0 | D:1      | mandoloar the Gargoyle Fighter began the quest for the Orb.
     0 | D:1      | Reached XP level 1. HP: 14/14 MP: 1/1
    14 | D:1      | Found Bytatwuf's Book Shop.
    81 | D:1      | Reached XP level 2. HP: 19/19 MP: 2/2
    96 | D:2      | Found Goil's Antique Weapon Emporium.
    96 | D:2      | Found a glowing golden altar of the Shining One.
   389 | D:2      | Reached skill level 4 in Fighting
   389 | D:2      | Reached XP level 3. HP: 24/24 MP: 3/3
  1304 | D:2      | Reached XP level 4. HP: 29/29 MP: 4/4
  1348 | D:3      | Noticed Jessica
  2141 | D:3      | Found an ornate altar of the Wu Jian Council.
  2310 | D:3      | Killed Jessica
  2311 | D:3      | Reached XP level 5. HP: 33/34 MP: 5/5
  2592 | D:3      | Noticed Grinder
  2601 | D:3      | Paralysed by Grinder for 5 turns
  2610 | D:3      | Slain by Grinder

Illustrated notes

Levels and vault maps discovered:
D:1:      lightli_arrival_boilingwater, layout_basic, serial_shops, shop,
          serial_forest, infiniplex_forest_side_room,
          infiniplex_forest_clump_long, infiniplex_forest_end_2,
          infiniplex_forest_corner_2, infiniplex_forest_straight_3,
          infiniplex_forest_end_1
D:2:      minmay_general_purpose_star, layout_loops_corners, serial_shops,
          shop_fountains, basic_altar
D:3:      layout_basic, nicolae_wu_jian_wuxing_cycle, uniq_jessica, uniq_grinder
D:4:      layout_loops_cross, minmay_temple_entry_butterflies, minivault_24,
          minmay_fractal_squares_gapless_5, uniq_robin

Skill      XL: |  1  2  3 |
---------------+----------+-----
Fighting       | 4 |  4.7
Maces & Flails | 3 |  3.6
Armour         | |  3.8
Shields        | |  3.8

Action                     |  1- 3 |  4- 6 || total
---------------------------+-------+-------++-------
  Melee: Flail             |   124 |       ||   124
         Morningstar       |     5 |    81 ||    86
    Use: Scroll            |     7 |     2 ||     9
         Potion            |       |     1 ||     1
 Armour: Scale mail        |    56 |    44 ||   100
  Dodge: Dodged            |    74 |    36 ||   110
  Block: Buckler           |    32 |    34 ||    66

Table legend: (Time is in decaauts)
 A = Elapsed time spent in this place.
 B = Non-inter-level travel time spent in this place.
 C = Inter-level travel time spent in this place.
 D = Time resting spent in this place.
 E = Time spent auto-exploring this place.
 F = Levels seen in this place.
 G = Mean time per level.
                   A        B        C        D        E       F      G
               +--------+--------+--------+--------+--------+-----+--------+
         Total |   2683 |   2567 |    116 |    587 |   1322 |   4 |  670.8 |
       Dungeon |   2683 |   2567 |    116 |    587 |   1322 |   4 |  670.8 |
               +--------+--------+--------+--------+--------+-----+--------+

Top non-repeatable levels by time:
     D:2: 1391 daAuts
     D:1: 713 daAuts
     D:3: 574 daAuts
     D:4: 3 daAuts
